 Dungeon Crawl Stone Soup version 0.27-a0-334-g52645efa06 (webtiles) character file.

Game seed: 14793424784243508383

6379 wakim the Insei (level 10, -9/69 HPs)
             Began as an Octopode Transmuter on Feb 13, 2021.
             Was an Initiate of Gozag.
             Mangled by a freezing wraith (20 damage)
             ... led by a death knight
             ... on level 13 of the Dungeon.
             The game lasted 00:39:05 (11164 turns).

wakim the Insei (Octopode Transmuter)              Turns: 11164, Time: 00:39:06

Health: -9/69      AC:  2    Str: 18    XL:     10   Next: 97%
Magic:  21/25      EV: 29    Int: 19    God:    Gozag
Gold:   1528       SH:  0    Dex: 23    Spells: 10/17 levels left

rFire    . . .     SeeInvis .     - Unarmed
rCold    . . .     Faith    .   (shield currently unavailable)
rNeg     + . .     Spirit   .   (helmet currently unavailable)
rPois    x         Reflect  .   j - amulet "Ximaudanuv" {+Inv Regen+ Str+2}
rElec    .         Harm     .   b - +6 ring of dexterity
rCorr    .         Rampage  .   o - ring "Xeidumuc" {rN+ Will+ MP+9 Slay+2}
Will     ++...                  t - +6 ring of strength
Stlth    ++++......             v - ring of willpower
HPRegen  0.61/turn              (no ring)
MPRegen  0.19/turn              (no ring)
                                (no ring)
                                (no ring)

@: spider-form (expiring), very slightly contaminated, slowed, very slow
A: tiny, almost no armour, stealthy swim, (amphibious), 8 rings, (constrict 8)
a: End Transformation, Renounce Religion, Evoke Invisibility, Potion Petition,
Call Merchant, Bribe Branch


You were on level 13 of the Dungeon.
You worshipped Gozag.
Gozag was most pleased with you.
You were a venomous arachnid creature.
You visited 2 branches of the dungeon, and saw 13 of its levels.
You also visited: Ossuary.

You collected 1616 gold pieces.
You paid 88 gold pieces to Gozag.

Inventory:

Hand Weapons
 r - the +3 short sword of the Imperium (melded) {vorpal, *Contam rElec rF+ Str+3}
   (You found it on level 6 of the Dungeon)

   It inflicts extra damage upon your enemies.
   It affects your strength (+3).
   It protects you from fire.
   It insulates you from electricity.
   It causes magical contamination when unequipped.
Missiles
 q - 16 boomerangs
 z - 8 atropa-tipped darts
Armour
 d - a +1 kite shield
 f - a +0 buckler (melded)
Jewellery
 b - a +6 ring of dexterity (left front leg)
 j - the amulet "Ximaudanuv" (around neck) {+Inv Regen+ Str+2}
   (You found it on level 4 of the Dungeon)

   [amulet of regeneration]

   It affects your strength (+2).
   It lets you turn invisible.
   It increases your rate of regeneration.
 o - the ring "Xeidumuc" (right front leg) {rN+ Will+ MP+9 Slay+2}
   (You found it on level 6 of the Dungeon)

   [ring of magical power]

   It affects your accuracy and damage with ranged weapons and melee attacks
   (+2).
   It protects you from negative energy.
   It affects your willpower, your defense against some magical effects.
   It affects your magic capacity (+9).
 t - a +6 ring of strength (on tentacle)
 v - a ring of willpower (on tentacle)
Wands
 k - a wand of flame (28)
 n - a wand of iceblast (7)
 w - a wand of acid (8)
 x - a wand of digging (6)
 D - a wand of mindburst (16)
Scrolls
 h - 3 scrolls of enchant weapon
 l - 6 scrolls of teleportation
 u - 8 scrolls of identify
 y - 3 scrolls of enchant armour
 A - a scroll of amnesia
 B - a scroll of magic mapping
Potions
 a - 3 potions of curing
 c - 2 potions of might
 e - 2 potions of flight
 g - 2 potions of lignification
 i - a potion of resistance
 m - 3 potions of haste
 p - a potion of ambrosia
 C - a potion of attraction {unknown}
 E - a potion of berserk rage {unknown}


   Skills:
 * Level 6.6 Fighting
 * Level 7.2 Dodging
 - Level 6.0 Stealth
 - Level 4.0 Shields
 + Level 7.9 Unarmed Combat
 - Level 4.0 Spellcasting
 + Level 6.9 Transmutations
 + Level 1.9 Ice Magic
 - Level 5.0 Poison Magic


You had 10 spell levels left.
You knew the following spells:

 Your Spells              Type           Power        Failure   Level
a - Ice Form              Ice/Tmut       20%          43%         4
b - Spider Form           Tmut/Pois      13%          12%         3

Your spell library contained the following spells:

 Spells                   Type           Power        Failure   Level
 Beastly Appendage        Tmut           60%          4%          1
 Wereblood                Tmut           30%          6%          2
 Blade Hands              Tmut           15%          43%         5


Dungeon Overview and Level Annotations

Branches:
Dungeon (13/15)            Temple (1/1) D:6            Lair (0/6) D:9
 Vaults (0/5) D:13        Ossuary (visited)
    Orc: D:9-12

Altars:
Ashenzari
Cheibriados
Dithmenos
Elyvilon
Fedhas
Gozag
Hepliaklqana
Kikubaaqudgha
Makhleb
Nemelex Xobeh
Okawaru
Qazlal
Ru
Sif Muna
Trog
Uskayaw
Vehumet
Wu Jian
Xom
Yredelemnul
Zin
The Shining One

Shops:
D:13 :

Annotations:
D:13 exclusion: hydra


Innate Abilities, Weirdness & Mutations

You cannot wear most types of armour.
You are very stealthy in the water. (Stealth+)
((You are amphibious.))
You can wear up to eight rings at the same time.
((You can use your tentacles to constrict eight enemies at once.))
((Your skin changes colour to match your surroundings (Stealth+).))
((Your rubbery body absorbs attacks. (AC +1, EV +1)))


Message History

Your transformation is almost over.
Found a buckler.
Found Mozxitat's Book Shop.
A freezing wraith comes into view.
Found 16 gold pieces.
Your transformation has ended.
The +3 short sword of the Imperium {vorpal, *Contam rElec rF+ Str+3} unmelds from your body.
Your +0 buckler unmelds from your body.
Casting: Spider Form (dangerous; 3% risk of failure)
Confirm with . or Enter, or press ? or * to list all spells.
You turn into a venomous arachnid creature.
The +3 short sword of the Imperium {vorpal, *Contam rElec rF+ Str+3} melds into your body.
Your +0 buckler melds into your body.
An ogre comes into view. It is wielding a +0 giant spiked club.
A two-headed ogre comes into view.
It is wielding a +0 giant spiked club and a +0 giant club.
An ogre comes into view.
It is wielding a +0 giant spiked club. 2 two-headed ogres come into view.
The freezing wraith hits you! The freezing wraith freezes you!
The freezing wraith hits you! The freezing wraith drains your vigour!
You feel yourself slow down. The freezing wraith misses you.
The freezing wraith completely misses you.
The freezing wraith misses you.
The freezing wraith completely misses you.
The freezing wraith hits you! The freezing wraith freezes you!
* * * LOW HITPOINT WARNING * * *
The freezing wraith misses you.
Your transformation is almost over.
The freezing wraith closely misses you. The freezing wraith misses you.
Casting: Spider Form (dangerous; 12% risk of failure)
Confirm with . or Enter, or press ? or * to list all spells.
The spell is quite dangerous to cast (43% risk of failure)!
Continue anyway?
You miscast Ice Form.
You are very lightly contaminated with residual magic.
Nothing appears to happen.
The freezing wraith closely misses you. x2
The freezing wraith hits you!
* * * LOW HITPOINT WARNING * * *
The freezing wraith freezes you!!
You die...
Your body crumbles into a pile of gold.

# ########. # #.......
.... . ...... ....#
.#.######....
....######
...$..[..... ........#
.♣.♣.♣.♣....## ###
#......#
...O.⌠........#####.##
#.._...
O.♣.♣.♣.♣....OWs.....#
#......
O.⌠.∩.⌠...########..#
##...... ♣.♣.♣.♣..#
##.# #..#....
...⌠.....# #.#
##.####.. #.♣O♣.♣.♣..#
###.###.## #..
#..........# #...##.##
#.# ######.....#
####..## ### #######
####


You could see a freezing wraith and an ogre.

Vanquished Creatures
  A vault guard (D:13)
  A two-headed ogre (D:6)
  Maurice (D:9)
  2 trolls (D:9)
  A vampire mosquito (D:13)
  An acid dragon (D:13)
  4 orc warriors
  A black bear (D:7)
  3 necrophages (D:9)
  An ogre (D:6)
  2 sky beasts
  A hornet zombie (D:9)
  3 centaurs
  A phantom (D:10)
  2 kobold brigands
  4 bullfrogs
  A wyvern zombie (D:13)
  4 scorpions
  A water moccasin zombie (D:10)
  10 wights
  3 electric eels (D:4)
  5 howler monkeys
  A bullfrog zombie (D:6)
  2 jellies
  2 centaur skeletons
  A hound (D:5)
  6 orc priests
  A bullfrog skeleton (D:8)
  3 iguanas
  5 orc wizards
  13 worker ants
  A killer bee zombie (D:9)
  A hound skeleton (D:4)
  A mummy (Ossuary)
  A worker ant zombie (D:9)
  9 adders
  A howler monkey skeleton (D:4)
  A shadow imp (D:10)
  3 white imps
  3 ufetubi
  2 adder zombies
  An adder skeleton (D:5)
  A worm (D:3)
  A dart slug (D:1)
  6 leopard geckos
  28 orcs
  2 spectral bats (Ossuary)
  3 ball pythons
  5 giant cockroaches
  12 gnoll zombies (Ossuary)
  5 goblins
  9 hobgoblins
  7 jackals
  16 kobolds
  3 quokkas
  5 bats
  3 bat simulacra (Ossuary)
  2 frilled lizards (D:1)
  4 goblin simulacra (Ossuary)
  5 goblin zombies (Ossuary)
  3 hobgoblin zombies (Ossuary)
  3 kobold simulacra (Ossuary)
  4 kobold zombies (Ossuary)
  6 orc zombies (Ossuary)
  7 rats
  5 rat simulacra (Ossuary)
  3 spectral goblins (Ossuary)
  3 spectral kobolds (Ossuary)
  2 spectral rats (Ossuary)
264 creatures vanquished.

Vanquished Creatures (others)
  A bush (D:9)
  10 plants
11 creatures vanquished.

Grand Total: 275 creatures vanquished

Notes
Turn   | Place    | Note
-------+----------+-------------------------------------------
     0 | D:1      | wakim the Octopode Transmuter began the quest for the Orb.
     0 | D:1      | Reached XP level 1. HP: 13/13 MP: 3/3
   176 | D:1      | Reached XP level 2. HP: 18/18 MP: 5/5
  1134 | D:2      | Reached XP level 3. HP: 22/23 MP: 4/6
  1138 | D:2      | Learned a level 3 spell: Spider Form
  1742 | D:2      | Reached skill level 1 in Shields
  1976 | D:2      | Reached XP level 4. HP: 27/28 MP: 8/8
  2475 | D:3      | Found a shimmering blue altar of Sif Muna.
  2886 | D:3      | Noticed an ice beast
  3387 | D:3      | Reached XP level 5. HP: 30/33 MP: 6/9
  3927 | D:4      | Found a transporter.
  3941 | D:4      | Found a transporter.
  3944 | D:4      | Found the +0 pair of fencer's gloves {Riposte Dex+3}
  4771 | D:4      | Got a scorched pewter amulet
  4777 | D:4      | Identified the amulet "Ximaudanuv" {+Inv Regen+ Str+2} (You
                  | found it on level 4 of the Dungeon)
  4829 | D:4      | Found an ornate altar of the Wu Jian Council.
  4829 | D:4      | Found a hide-covered altar of Uskayaw.
  4830 | D:4      | Found a broken altar of Ashenzari.
  4866 | D:4      | Reached XP level 6. HP: 38/38 MP: 6/10
  4952 | D:5      | Entered Level 5 of the Dungeon
  5172 | D:5      | Reached skill level 1 in Poison Magic
  5310 | D:5      | Found a glowing golden altar of the Shining One.
  5316 | D:5      | Reached XP level 7. HP: 39/43 MP: 7/11
  5779 | D:5      | Reached skill level 5 in Transmutations
  5851 | D:6      | Found a staircase to the Ecumenical Temple.
  5869 | Temple   | Entered the Ecumenical Temple
  5876 | Temple   | Became a worshipper of Gozag Ym Sagoz the Greedy
  5989 | D:6      | Reached XP level 8. HP: 41/48 MP: 8/12
  6013 | D:6      | Found an ancient bone altar of Kikubaaqudgha.
  6013 | D:6      | Found a shadowy altar of Dithmenos.
  6056 | D:6      | Got a faintly glowing silver ring
  6057 | D:6      | Identified the ring "Xeidumuc" {rN+ Will+ MP+9 Slay+2} (You
                  | found it on level 6 of the Dungeon)
  6076 | D:6      | Noticed a two-headed ogre
  6470 | D:6      | Reached skill level 5 in Unarmed Combat
  6858 | D:6      | Got a steaming short sword
  6859 | D:6      | Identified the +3 short sword of the Imperium {vorpal,
                  | *Contam rElec rF+ Str+3} (You found it on level 6 of the
                  | Dungeon)
  6906 | D:6      | Killed a two-headed ogre
  6907 | D:6      | Reached skill level 5 in Dodging
  6907 | D:6      | Reached XP level 9. HP: 15/58 MP: 13/13
  7342 | D:7      | Found a sand-covered staircase.
  7347 | Ossuary  | Entered an ossuary
  8298 | D:8      | Reached skill level 5 in Fighting
  8449 | D:8      | Reached XP level 10. HP: 66/66 MP: 15/15
  8906 | D:9      | Reached skill level 5 in Stealth
  9015 | D:9      | Noticed Maurice
  9108 | D:9      | Killed Maurice
  9249 | D:9      | Found a staircase to the Lair.
  9571 | D:9      | Found a blossoming altar of Fedhas.
  9712 | D:10     | Entered Level 10 of the Dungeon
 10099 | D:10     | Reached skill level 1 in Ice Magic
 10255 | D:10     | Found an iron altar of Okawaru.
 10484 | D:11     | You fall into a shaft and drop 2 floors!
 10506 | D:13     | Found a gate to the Vaults.
 10506 | D:13     | Noticed a vault guard
 10506 | D:13     | Noticed a vault guard
 10506 | D:13     | Noticed a vault guard
 10506 | D:13     | Noticed a vault guard
 10506 | D:13     | Noticed a vault guard
 10507 | D:13     | Noticed a vault guard
 10507 | D:13     | Noticed a vault guard
 10507 | D:13     | Noticed a vault guard
 10566 | D:13     | Killed a vault guard
 10710 | D:13     | Reached skill level 5 in Poison Magic
 10813 | D:13     | Noticed a seven-headed hydra
 10827 | D:13     | Learned a level 4 spell: Ice Form
 10967 | D:13     | HP: 4/82 [seven-headed hydra (11)]
 11092 | D:13     | Found a shimmering blue altar of Sif Muna.
 11133 | D:13     | Found Mozxitat's Book Shop.
 11149 | D:13     | Noticed a two-headed ogre
 11153 | D:13     | Noticed a two-headed ogre
 11153 | D:13     | Noticed a two-headed ogre
 11164 | D:13     | Mangled by a freezing wraith

Illustrated notes

Levels and vault maps discovered:
D:1:      saegor_arrival_simple_d, layout_basic, serial_park_tiny_pond
D:2:      cheibrodos_helix_gallery, layout_basic, minmay_misc_feat_nine_boxes
D:3:      layout_basic, led_sif_book
D:4:      gammafunk_steamed_eel, layout_rooms, gammafunk_temple_overflow_claw
D:5:      layout_basic, basic_altar
D:6:      layout_rooms, amethyst_overflow_temple_binary,
          minmay_temple_entry_large_hall
D:7:      layout_loops_ring, lightli_ossuary_entry_decrepit_ruins
D:8:      layout_basic, kennysheep_nub
D:9:      layout_roguey, fedhas_altar_decomposition, lair_entry_dummy,
          uniq_maurice
D:10:     layout_roguey, basic_altar
D:11:     layout_roguey, david_orc_2, grunt_ministairs_11, uniq_grum
D:13:     layout_layer_cave, erik_vaults_2, basic_altar,
          minmay_shop_grid_forest, wad_mini_maze
Temple:   minmay_freezing_vapour_temple

Skill      XL: |  1  2  3  4  5  6  7  8  9 10 |
---------------+-------------------------------+-----
Shields        | 1 2 3 4 |  4.0
Transmutations | 3 4 5 6 |  6.9
Spellcasting   | 3 4 |  4.0
Poison Magic   | 1 3 5 |  5.0
Unarmed Combat | 4 6 7 |  7.9
Dodging        | 3 5 7 |  7.2
Fighting       | 4 5 6 |  6.6
Stealth        | 3 4 6 |  6.0
Ice Magic      | 1 |  1.9

Action                   |  1- 3 |  4- 6 |  7- 9 | 10-12 || total
-------------------------+-------+-------+-------+-------++-------
Melee: Unarmed           |    78 |   145 |   247 |   158 ||   628
       Constrict         |    22 |    19 |    14 |     2 ||    57
       Tentacles         |    11 |    15 |    21 |     6 ||    53
       Kick              |     5 |     1 |       |       ||     6
       Punch             |       |     1 |     4 |     1 ||     6
       Short sword       |       |       |    79 |    19 ||    98
 Cast: Beastly Appendage |     9 |     1 |       |     1 ||    11
       Spider Form       |       |    18 |    30 |    20 ||    68
       Ice Form          |       |       |       |     1 ||     1
Evoke: Wand              |       |       |       |    10 ||    10
  Use: Potion            |     2 |       |       |     1 ||     3
       Scroll            |       |    11 |     6 |     4 ||    21
 Stab: Sleeping          |     4 |     3 |    18 |     2 ||    27
       Distracted        |       |       |     1 |       ||     1
Armor: Skin              |    10 |     6 |     7 |     6 ||    29
Dodge: Dodged            |    52 |   100 |   209 |   160 ||   521
Block: Buckler           |     6 |    13 |    16 |     4 ||    39

Table legend: (Time is in decaauts)
 A = Elapsed time spent in this place.
 B = Non-inter-level travel time spent in this place.
 C = Inter-level travel time spent in this place.
 D = Time resting spent in this place.
 E = Time spent auto-exploring this place.
 F = Levels seen in this place.
 G = Mean time per level.
                   A        B        C        D        E       F      G
               +--------+--------+--------+--------+--------+-----+--------+
         Total |  11127 |  10443 |    684 |   2814 |   4323 |  14 |  794.8 |
       Dungeon |  10649 |   9965 |    684 |   2814 |   4159 |  12 |  887.4 |
        Temple |     13 |     13 |      0 |      0 |      0 |   1 |   13.0 |
       Ossuary |    464 |    464 |      0 |      0 |    164 |   1 |  464.0 |
               +--------+--------+--------+--------+--------+-----+--------+

Top non-repeatable levels by time:
     D:2: 1614 daAuts
     D:3: 1353 daAuts
     D:6: 1093 daAuts
     D:1: 1055 daAuts
     D:5: 1052 daAuts
     D:4: 982 daAuts
     D:9: 882 daAuts
     D:7: 766 daAuts
    D:10: 758 daAuts
    D:13: 673 daAuts
 Ossuary: 464 daAuts
     D:8: 408 daAuts
  Temple: 13 daAuts
    D:11: 9 daAuts
